 Dungeon Crawl Stone Soup version 0.24.0-1-gfbc8707 (webtiles) character file.

Game seed: 1357321462145406771, levelgen mode: deterministic

9388 Illumine the Jinx (level 11, -14/63 HPs)
             Began as a Deep Elf Enchanter on Nov 15, 2019.
             Was a Priest of Sif Muna.
             Killed from afar by a green death (26 damage)
             ... with a bolt of poison
             ... on level 2 of the Abyss.
             The game lasted 00:48:45 (16551 turns).

Illumine the Jinx (Deep Elf Enchanter)             Turns: 16551, Time: 00:48:45

Health: -14/63     AC: 16    Str:  5    XL:     11   Next: 22%
Magic:  33/41      EV: 18    Int: 24    God:    Sif Muna [***...]
Gold:   433        SH:  0    Dex: 15    Spells: 8/29 levels left

rFire    . . .     SeeInvis .   b - staff of power
rCold    . . .     Gourm    .   (no shield)
rNeg     . . .     Faith    .   F - +2 robe {Archmagi}
rPois    .         Spirit   .   J - +1 hat
rElec    .         Reflect  .   u - +2 cloak
rCorr    .         Harm     .   g - +1 pair of gloves
MR       +....     Rnd*Rage +   n - +0 pair of boots
Stlth    ++........             (no amulet)
HPRegen  0.20/turn              z - +5 ring of protection (curse)
MPRegen  0.27/turn              D - ring of wizardry

@: lethally poisoned (-14 -> -23), about to teleport, very slow
A: [berserk 2], [blurry vision 2]
a: Channel Magic, Forget Spell, Renounce Religion


You were on level 2 of the Abyss.
You worshipped Sif Muna.
Sif Muna was most pleased with you.
You were not hungry.

You visited 3 branches of the dungeon, and saw 12 of its levels.
You visited the Abyss 1 time.
You also visited: Sewer.

You collected 926 gold pieces.
You spent 493 gold pieces at shops.

Inventory:

Hand Weapons
 a - a +1 dagger
 H - the +11 whip "Usij" {holy, +Blink rC- MP+9 Int+3}
   (You found it on level 7 of the Dungeon)

   It has been blessed by the Shining One to cause great damage to the undead
   and demons.
   It affects your intelligence (+3).
   It makes you vulnerable to cold.
   It affects your magic capacity (+9).
   It lets you blink.
Missiles
 i - 45 poisoned darts (quivered)
 m - 5 throwing nets
 G - 5 silver boomerangs
Armour
 g - a +1 pair of gloves (worn)
 n - a +0 pair of boots (worn)
 u - a +2 cloak (worn)
 F - a +2 robe of the Archmagi (worn)
 J - a +1 hat (worn)
 N - a +0 buckler
Magical Staves
 b - an uncursed staff of power (weapon)
Jewellery
 z - a cursed +5 ring of protection (left hand)
 D - a ring of wizardry (right hand)
Wands
 o - a wand of acid (5)
 I - a wand of paralysis (12)
 K - a wand of flame (1)
Scrolls
 f - 4 scrolls of immolation
 h - 5 scrolls of remove curse
 j - 2 scrolls of amnesia
 k - 3 scrolls of enchant armour
 l - a scroll of fear
 p - a scroll of vulnerability {unknown}
 q - a scroll of magic mapping {unknown}
 w - a scroll of enchant weapon {unknown}
 y - 6 scrolls of teleportation
 E - a scroll of random uselessness {unknown}
Potions
 c - a potion of heal wounds
 e - 2 potions of lignification
 r - a potion of agility
 t - a potion of ambrosia
 v - 3 potions of might
 x - a potion of invisibility {unknown}
 A - 5 potions of flight
 B - 3 potions of mutation
 C - a potion of brilliance {unknown}
 L - a potion of haste {unknown}
Comestibles
 d - 10 rations


   Skills:
 + Level 5.1 Fighting
 - Level 3.0 Short Blades
 + Level 2.1 Maces & Flails
 - Level 0.5 Armour
 + Level 8.7 Dodging
 - Level 4.1 Stealth
 + Level 0.4 Shields
 + Level 9.9 Spellcasting
 + Level 7.5 Conjurations
 + Level 9.9 Hexes
 + Level 5.5 Translocations
 + Level 5.0 Invocations


You had 8 spell levels left.
You knew the following spells:

 Your Spells              Type           Power        Failure   Level  Hunger
a - Regeneration          Chrm/Necr      ###.......   6%          3    None
b - Ensorcelled Hibernat  Hex/Ice        ######       1%          2    None
c - Confuse               Hex            ######..     1%          3    None
d - Dazzling Spray        Conj/Hex       ######       1%          3    None
e - Tukima's Dance        Hex            ######..     1%          3    None
f - Gell's Gravitas       Tloc           ######....   1%          3    None
g - Cause Fear            Hex            ######....   1%          4    #......

Your spell library contained the following spells:

 Spells                   Type           Power        Failure   Level  Hunger
 Confusing Touch          Hex            ######       1%          1    None
 Corona                   Hex            ######.      1%          1    None
 Slow                     Hex            ######..     1%          2    None
 Inner Flame              Hex/Fire       ######..     1%          3    None
 Portal Projectile        Hex/Tloc       ######       1%          3    None
 Animate Skeleton         Necr           N/A          2%          1    None
 Pain                     Necr           ###.         2%          1    None
 Leda's Liquefaction      Hex/Erth       ######....   2%          4    #......
 Vampiric Draining        Necr           ###.......   6%          3    None
 Metabolic Englaciation   Hex/Ice        ######....   8%          5    ####...
 Yara's Violent Unravell  Hex/Tmut       ######....   8%          5    ####...
 Animate Dead             Necr           N/A          21%         4    #......
 Petrify                  Tmut/Erth      ###.....     21%         4    #......


Dungeon Overview and Level Annotations

Branches:
Dungeon (10/15)            Temple (1/1) D:5            Lair (1/6) D:9
  Sewer (visited)
    Orc: D:9-12

Altars:
Ashenzari
Cheibriados
Elyvilon
Fedhas
Gozag
Hepliaklqana
Kikubaaqudgha
Makhleb
Nemelex Xobeh
Okawaru
Ru
Sif Muna
Trog
Vehumet
Xom
Yredelemnul
Zin
The Shining One

Shops:
D:5 *   D:6 [

Annotations:
D:3 1 runed translucent door, hbr223's ghost, amateur MiHu
D:7 3 runed translucent doors, bonscott's ghost, novice GnWr


Innate Abilities, Weirdness & Mutations

[You often lose your temper in combat.]
[Scrolls take you longer to read.]


Message History

Casting: Gell's Gravitas (safe; 1% risk of failure)
Confirm with . or Enter, or press ? or * to list all spells.
Aiming: Gell's Gravitas (safe; 1% risk of failure)
Press: ? - help, Dir - move target cursor, p - green death You feel a surge of power!
Gravity reorients around empty space.
You are engulfed in poison gas.
You are lethally poisoned!
* * * LOW HITPOINT WARNING * * *
x2 You feel sick.
* * * LOW HITPOINT WARNING * * *
You feel very sick.
The green death hits you but does no damage.
The wretched star pulses with an eldritch light!
You feel a little pissed off.
You feel angry. The green death completely misses you.
You feel better. The green death gestures at you. The bolt of poison hits you!!
You are poisoned.
You die...

#..≈≈....≈≈#
..≈≈≈≈..≈≈≈##
#.≈≈≈≈≈≈.≈≈≈####
.#.≈≈≈≈≈≈≈.≈#≈..
...##.≈≈≈≈≈...##
#..'...........
#..'..2....#
#.##≈≈*@≈..#
#.≈≈≈≈≈##.'#
#.≈≈≈≈≈# .#
#.≈≈≈°≈# ...
#.≈≈≈≈## # .#.
..(##≈≈ .# # ##
### #


G You could see a green death and a wretched star.

Vanquished Creatures
  An orc knight (D:10)
  An elephant (D:9)
  Grinder (D:6)
  2 hippogriffs (D:9)
  A vampire (D:10)
  A ynoxinul (Abyss:2)
  A wraith (D:10)
  6 yaks
  3 hogs (D:7)
  A basilisk (D:9)
  A human (D:7)
  Menkaure (D:5)
  2 small abominations (Abyss:2)
  A water moccasin (D:10)
  An orc warrior (D:10)
  3 sky beasts
  A black bear (D:8)
  3 ice beasts
  A phantom (D:9)
  A centaur (D:8)
  2 ogres
  A crocodile (D:9)
  5 big kobolds (D:5)
  2 bullfrogs
  A water moccasin zombie (D:7)
  6 killer bees (D:9)
  5 scorpions
  2 electric eels (D:8)
  A howler monkey (D:6)
  4 crimson imps
  4 hounds
  3 quasits
  A jelly (D:8)
  9 orc priests
  7 orc wizards
  3 centaur skeletons
  9 worker ants
  4 iguanas
  Natasha (thrice) (D:3)
  A merfolk siren (Sewer)
  A merfolk avatar (Sewer)
  A hound zombie (D:5)
  A howler monkey skeleton (D:8)
  A howler monkey zombie (D:5)
  6 gnolls
  11 adders
  3 shadow imps
  An adder zombie (D:5)
  2 adder skeletons
  A worm (D:2)
  A dart slug (D:1)
  4 leopard geckos
  35 orcs
  5 ball pythons
  8 giant cockroaches
  4 goblins
  10 hobgoblins
  12 jackals
  8 bats
  12 frilled lizards
  A giant cockroach zombie (D:5)
  A jackal skeleton (D:3)
  49 kobolds
  A quokka skeleton (D:9)
  31 rats
  A plant (D:9)
317 creatures vanquished.

Vanquished Creatures (collateral kills)
  Harold (D:7)
  A two-headed ogre (D:9)
  An orc knight (D:10)
  Joseph (D:8)
  3 orc warriors
  An ogre (D:8)
  Crazy Yiuf (D:4)
  An orc wizard (D:9)
  A gnoll (D:8)
  2 orcs (D:6)
  A jackal (D:7)
14 creatures vanquished.

Vanquished Creatures (others)
  2 fungi (D:4)
  3 plants (D:4)
5 creatures vanquished.

Grand Total: 336 creatures vanquished

Notes
Turn   | Place    | Note
-------+----------+-------------------------------------------
     0 | D:1      | Illumine the Deep Elf Enchanter began the quest for the
                  | Orb.
     0 | D:1      | Reached XP level 1. HP: 10/10 MP: 6/6
   547 | D:1      | Reached XP level 2. HP: 15/15 MP: 8/8
   551 | D:1      | Learned a level 2 spell: Ensorcelled Hibernation
  1353 | D:1      | Found a shattered altar of Ashenzari.
  1888 | D:2      | Found a blossoming altar of Fedhas.
  1908 | D:2      | Reached XP level 3. HP: 19/19 MP: 5/10
  1952 | D:2      | Learned a level 3 spell: Confuse
  1956 | D:2      | Learned a level 3 spell: Dazzling Spray
  2087 | D:2      | Found a glowing golden altar of the Shining One.
  2671 | D:2      | Reached skill level 1 in Conjurations
  2741 | D:2      | Reached XP level 4. HP: 24/24 MP: 5/11
  3567 | D:3      | Found a runed translucent door.
  3567 | D:3      | Noticed hbr223's ghost (amateur MiHu)
  3653 | D:3      | Found an iron altar of Okawaru.
  3672 | D:3      | Found a sparkling altar of Nemelex Xobeh.
  3680 | D:3      | Noticed Natasha
  3682 | D:3      | Killed Natasha
  3682 | D:3      | Reached skill level 5 in Hexes
  4271 | D:4      | Reached XP level 5. HP: 28/28 MP: 13/13
  4308 | D:3      | Noticed Natasha
  4323 | D:3      | Killed Natasha
  4379 | D:3      | Noticed Natasha
  4388 | D:3      | Killed Natasha
  4509 | D:3      | Learned a level 3 spell: Tukima's Dance
  4510 | D:4      | Noticed an ogre
  4792 | D:4      | Found a runed translucent door.
  4793 | D:4      | Noticed Crazy Yiuf
  4814 | D:4      | Killed Crazy Yiuf
  4814 | D:4      | Reached XP level 6. HP: 32/32 MP: 14/15
  5397 | D:4      | Reached skill level 5 in Spellcasting
  5675 | D:4      | Found a sacrificial altar of Ru.
  5905 | D:4      | Found an ancient bone altar of Kikubaaqudgha.
  5905 | D:4      | Found a white marble altar of Elyvilon.
  5917 | D:4      | Found a hazy altar of Hepliaklqana.
  5919 | D:4      | Found a glowing silver altar of Zin.
  5921 | D:4      | Found a bloodstained altar of Trog.
  5975 | D:5      | Entered Level 5 of the Dungeon
  6053 | D:5      | Reached XP level 7. HP: 24/37 MP: 4/17
  6059 | D:4      | Reached skill level 1 in Fighting
  6428 | D:5      | Found a glowing drain.
  6438 | D:5      | Noticed Menkaure
  6445 | Sewer    | Entered a sewer
  7398 | D:5      | Killed Menkaure
  7750 | D:5      | Reached skill level 5 in Dodging
  7859 | D:5      | Reached XP level 8. HP: 44/44 MP: 17/19
  8419 | D:5      | Learned a level 3 spell: Gell's Gravitas
  8997 | D:5      | Found a staircase to the Ecumenical Temple.
  9007 | Temple   | Entered the Ecumenical Temple
  9021 | Temple   | Became a worshipper of Sif Muna the Loreminder
  9117 | D:5      | Found Xunuk's General Store.
  9123 | D:5      | Bought an uncursed ring of wizardry for 390 gold pieces
 10026 | D:6      | Reached skill level 1 in Translocations
 10164 | D:6      | Reached skill level 5 in Conjurations
 10679 | D:6      | Found Liomob Itin's Antique Armour Shop.
 10689 | D:6      | Reached * piety under Sif Muna
 10767 | D:6      | Reached XP level 9. HP: 40/51 MP: 21/22
 10846 | D:6      | Bought an embroidered robe for 103 gold pieces
 11064 | D:6      | Reached skill level 1 in Invocations
 11094 | D:6      | Noticed Grinder
 11102 | D:6      | Killed Grinder
 11285 | D:6      | Found a basalt altar of Yredelemnul.
 11330 | D:7      | Got a scorched whip
 11331 | D:7      | Identified the +11 whip "Usij" {holy, +Blink rC- MP+9
                  | Int+3} (You found it on level 7 of the Dungeon)
 11631 | D:7      | Noticed Harold
 11651 | D:7      | Killed Harold
 11902 | D:7      | Learned a level 3 spell: Regeneration
 12182 | D:7      | Found a runed translucent gate.
 12207 | D:7      | Reached XP level 10. HP: 43/56 MP: 1/24
 12363 | D:7      | Found a runed translucent gate.
 12363 | D:7      | Found a runed translucent gate.
 12363 | D:7      | Noticed bonscott's ghost (novice GnWr)
 12722 | D:8      | Noticed Joseph
 12733 | D:8      | Killed Joseph
 12921 | D:8      | Reached ** piety under Sif Muna
 13344 | D:8      | Reached skill level 1 in Maces & Flails
 14178 | D:9      | Learned a level 4 spell: Cause Fear
 14180 | D:9      | Noticed an elephant
 14192 | D:9      | Noticed a two-headed ogre
 14338 | D:9      | Killed a two-headed ogre
 14345 | D:9      | Killed an elephant
 14445 | D:9      | Found a staircase to the Lair.
 15173 | D:9      | Reached *** piety under Sif Muna
 15173 | D:9      | Reached skill level 5 in Translocations
 15181 | D:9      | Found a radiant altar of Vehumet.
 15247 | D:9      | Found a burning altar of Makhleb.
 15322 | Lair:1   | Entered Level 1 of the Lair of Beasts
 15326 | Lair:1   | Noticed a four-headed hydra
 15435 | D:10     | Entered Level 10 of the Dungeon
 15744 | D:10     | Reached XP level 11. HP: 62/62 MP: 0/26
 15894 | D:10     | Reached skill level 5 in Fighting
 16011 | D:10     | Noticed an orc knight
 16011 | D:10     | Noticed an orc knight
 16028 | D:10     | Killed an orc knight
 16191 | D:10     | Noticed an orc knight
 16193 | D:10     | Noticed a wizard
 16193 | D:10     | Noticed a +3 demon blade
 16208 | D:10     | Killed an orc knight
 16209 | D:10     | Cast into level 2 of the Abyss (a wizard)
 16279 | Abyss:2  | Noticed a sixfirhy
 16315 | Abyss:2  | Noticed a starcursed mass
 16369 | Abyss:2  | Reached skill level 5 in Invocations
 16536 | Abyss:2  | Noticed a glowing orange brain
 16538 | Abyss:2  | Noticed a green death
 16540 | Abyss:2  | Noticed a wretched star
 16551 | Abyss:2  | Killed from afar by a green death

Levels and vault maps discovered:
D:1:      sevenhm_arrival_forest_fort_large_1, layout_basic, ashenzari_altar_1
D:2:      minmay_general_purpose_star, layout_basic, fedhas_altar_3,
          lemuel_crystal_altar, first_ration, kennysheep_generic_room_5
D:3:      cheibrodos_old_hovel, layout_rooms, nemelex_xobeh_ov_fountains_minmay,
          okawaru_ov_weapons_minmay, ebering_ghost_reflecting_pool, uniq_natasha
D:4:      layout_loops_ring, chequers_temple_overflow_minitemple,
          glass_columns_a, dk_vineyard_3, nicolae_ru_the_path_less_chosen,
          uniq_crazy_yiuf_cottage
D:5:      minmay_goblin_kobold_castle, layout_loops_corners, temple_statues,
          gup_sewer_entry_glass, serial_shops, shop, uniq_menkaure
D:6:      layout_rooms, basic_altar, serial_shops, shop, uniq_grinder
D:7:      layout_loops_ring, ebering_ghost_rock_garden, grunt_livestock,
          hangedman_decor_riveting, uniq_harold
D:8:      layout_rooms, water_maze_lemuel, uniq_joseph
D:9:      layout_long_grid, grunt_temple_overflow_lords_of_destruction,
          david_lair_generic
D:10:     layout_cave_pools, enter_trove_2, st_stairs_9, sword_in_stone
Temple:   zaba_magenta_temple
Lair:1:   lemuel_slime, layout_misc_corridors
Abyss:2:  kilobyte_mutagenic_chamber

Skill      XL: |  1  2  3  4  5  6  7  8  9 10 11 |
---------------+----------------------------------+-----
Stealth        | 4 |  4.1
Short Blades   | 2 3 |  3.0
Conjurations   | 1 2 3 4 5 6 7 |  7.5
Spellcasting   | 4 5 6 7 8 9 |  9.9
Hexes          | 5 6 7 8 9 |  9.9
Dodging        | 3 4 5 6 7 8 |  8.7
Fighting       | 2 3 4 5 |  5.1
Translocations | 1 3 5 |  5.5
Invocations    | 3 4 5 |  5.0
Maces & Flails | 2 |  2.1
Armour         | |  0.5
Shields        | |  0.4

Action                   |  1- 3 |  4- 6 |  7- 9 | 10-12 || total
-------------------------+-------+-------+-------+-------++-------
Melee: Dagger            |    83 |    78 |    71 |       ||   232
       Staff             |       |       |    12 |     1 ||    13
       Whip              |       |       |     4 |    32 ||    36
Throw: Dart              |     9 |       |     6 |     2 ||    17
 Cast: Corona            |     7 |     1 |       |       ||     8
       Ensorcelled Hiber |    29 |    20 |     7 |       ||    56
       Dazzling Spray    |     1 |    51 |   271 |   241 ||   564
       Tukima's Dance    |       |     9 |     2 |    11 ||    22
       Confuse           |       |     7 |     4 |     9 ||    20
       Gell's Gravitas   |       |       |     1 |     2 ||     3
       Cause Fear        |       |       |       |     1 ||     1
  Use: Scroll            |     2 |       |    11 |     5 ||    18
       Potion            |       |       |       |    10 ||    10
 Stab: Sleeping          |    21 |    18 |     8 |       ||    47
       Invisible         |       |       |     2 |       ||     2
  Eat: Chunk             |     3 |     7 |     9 |     6 ||    25
       Ration            |     1 |     2 |     4 |     2 ||     9
Armor: Robe              |    21 |    19 |    47 |    23 ||   110
       Leather armour    |       |       |     1 |       ||     1
Dodge: Dodged            |    51 |    60 |   137 |    92 ||   340
